Kradschützen Motorcycle Team
Selects Armored Support Battlegroup
Construct Light Support Kompanie
Selects Superior Fire Drills
Construct Mechanized Kompanie
Construct Panzerarmee Kommand
Selects Flammpanzer III Medium Tank
Flammpanzer III Medium Tank
Flammpanzer III Medium Tank
254 Reconnaissance Tractor
Flak 36 Anti-tank Gun Team
Walking Stuka Rocket Launcher
18-tonne Recovery Half-track
Selects Stuka Anti-tank Loiter
Selects Stuka Anti-tank Loiter
Selects Battlefield Salvage
Construct Mechanized Kompanie
Construct Mechanized Kompanie
18-tonne Recovery Half-track
Flammpanzer III Medium Tank